 Dungeon Crawl Stone Soup version 0.30.1-11-g7821555f0a (webtiles) character file.

Game seed: 6655710195282334873

62 porpoise the Shooter (level 4, -1/34 HPs)
             Began as a Human Hunter on Jan 16, 2024.
             Slain by a goblin
             ... wielding a +2 dagger of venom
             ... led by Robin
              (5 damage)
             ... on level 2 of the Dungeon.
             The game lasted 00:03:24 (950 turns).

porpoise the Shooter (Human Hunter)                  Turns: 950, Time: 00:03:25

Health: -1/34      AC:  3    Str: 12    XL:     4   Next: 28%
Magic:  4/4        EV: 12    Int:  9    God:
Gold:   118        SH:  0    Dex: 18    Spells: 3/3 levels left

rFire   . . .        a - +0 shortbow
rCold   . . .        (shield currently unavailable)
rNeg    . . .        c - +0 leather armour
rPois   .            (no helmet)
rElec   .            (no cloak)
rCorr   .            (no gloves)
SInv    .            (no boots)
Will    .....        (no amulet)
Stlth   ++           (no ring)
HPRegen 0.25/turn    (no ring)
MPRegen 0.09/turn

%: no passive effects
@: lethally poisoned (-1 -> -11)
A: no striking features
a: no special abilities


You were on level 2 of the Dungeon.
You visited 1 branch of the dungeon, and saw 2 of its levels.

You collected 118 gold pieces.

Inventory:

Hand Weapons
 a - a +0 shortbow (weapon)
Missiles
 g - 4 poisoned darts
Armour
 c - a +0 leather armour (worn)
 e - a +0 ring mail
Scrolls
 b - a scroll of immolation
 i - 3 scrolls of identify {unknown}
 j - a scroll of amnesia {unknown}
 l - a scroll of fear {unknown}
 m - a scroll of teleportation {unknown}
 o - a scroll of noise {unknown}
Potions
 d - a potion of attraction {unknown}
 h - a potion of cancellation {unknown}
 k - a potion of ambrosia {unknown}
 n - a potion of curing {unknown}


   Skills:
 + Level 2.8 Fighting
 * Level 5.1 Ranged Weapons
 - Level 2.0 Dodging
 - Level 1.0 Stealth


You had 3 spell levels left.
You didn't know any spells.
Your spell library was empty.

Dungeon Overview and Level Annotations

Branches:
Dungeon (2/15)

Altars:
Trog

Annotations:
D:2 Robin


Message History

The goblin barely misses you. x2
The goblin hits you with a +2 dagger of venom.
* * * LOW HITPOINT WARNING * * *
You are poisoned.
The goblin closely misses you.
You shoot an arrow. The arrow hits the goblin.
The goblin is severely wounded.
You feel sick. The goblin barely misses you. The goblin closely misses you.
It was a potion of heal wounds.
You feel much better.
You feel sick. The goblin closely misses you.
The goblin hits you with a +2 dagger of venom!
You are lethally poisoned!
Robin roars a battlecry!
You feel much better.
You feel very sick. The goblin closely misses you.
The goblin hits you with a +2 dagger of venom.
You are lethally poisoned!
You shoot an arrow. The arrow hits the goblin.
You kill the goblin!
You feel extremely sick. The goblin barely misses you.
You shoot an arrow. The arrow closely misses the goblin.
The arrow hits Robin but does no damage.
Robin is moderately wounded.
You feel very sick. The goblin hits you with a +0 dagger.
* * * LOW HITPOINT WARNING * * *
The goblin barely misses you.
You shoot an arrow.
The arrow hits the goblin but does no damage.
* * * LOW HITPOINT WARNING * * *
You feel very sick.
The hobgoblin no longer looks unusually strong.
The goblin hits you with a +0 dagger.
* * * LOW HITPOINT WARNING * * *
Robin roars a battlecry!
The hobgoblin goes into a battle-frenzy!
The goblin hits you with a +2 dagger of venom.
You die...

#g....##.# # .##.†....#.#
...... ...........####
##.#.# ####........... # #
........### ####### #
##......†.## #.....######
#<####....# #.###...##..
###.g#######.##..8.....
########ggg@g.....##.⌠..#...
#........g##########..8.....
#.######### ##....### ######


You could see Robin, 2 hobgoblins and 3 goblins.

Vanquished Creatures
  4 ball pythons
  9 endoplasms
  A giant cockroach (D:1)
  9 goblins
  3 hobgoblins
  10 jackals
  3 quokkas
  8 bats
  3 frilled lizards
  A kobold (D:1)
  A rat (D:1)
52 creatures vanquished.

Notes
Turn   | Place    | Note
-------+----------+-------------------------------------------
     0 | D:1      | porpoise the Human Hunter began the quest for the Orb.
     0 | D:1      | Reached XP level 1. HP: 16/16 MP: 1/1
    50 | D:1      | Reached XP level 2. HP: 10/22 MP: 2/2
   160 | D:1      | Reached XP level 3. HP: 19/28 MP: 3/3
   794 | D:2      | Reached XP level 4. HP: 34/34 MP: 4/4
   810 | D:2      | Reached skill level 5 in Ranged Weapons
   819 | D:2      | Found a bloodstained altar of Trog.
   922 | D:2      | Noticed Robin
   950 | D:2      | Slain by a goblin

Illustrated notes

Levels and vault maps discovered:
D:1:      ebering_hopf_link, layout_rooms
D:2:      layout_basic, basic_altar, hangedman_feature_mirror, uniq_robin

Skill      XL: |  1  2  3  4 |
---------------+-------------+-----
Ranged Weapons | 5 |  5.1
Fighting       | |  2.8
Dodging        | |  2.0
Stealth        | |  1.0

Action                     |  1- 3 |  4- 6 || total
---------------------------+-------+-------++-------
   Fire: Shortbow          |    96 |    35 ||   131
    Use: Potion            |       |     2 ||     2
 Armour: Leather armour    |    10 |     3 ||    13
  Dodge: Dodged            |    38 |    21 ||    59
